 Dungeon Crawl Stone Soup version 0.20-a0-731-gecde0bf (webtiles) character file.

15439 4thArraOfDagon the Covert (level 12, -12/59 HPs)
             Began as a Felid Chaos Knight on Feb 22, 2017.
             Was an Elder of Cheibriados.
             Mangled by an orc knight
             ... wielding a +3 halberd
              (29 damage)
             ... on level 2 of the Orcish Mines.
             The game lasted 01:02:26 (8929 turns).

4thArraOfDagon the Covert (Felid Chaos Knight)      Turns: 8929, Time: 01:02:27

Health: -12/59     AC:  3    Str: 17    XL:     12   Next: 1%
Magic:  10/18      EV: 30    Int: 27    God:    Cheibriados [****..]
Gold:   999        SH:  0    Dex: 30    Spells: 8/21 levels left
                                        Lives:  0   Deaths: 3

rFire    + . .     SeeInvis +     - Unarmed
rCold    + . .     Gourm    .   (armour unavailable)
rNeg     . . .     Faith    .   (shield unavailable)
rPois    +         Spirit   .   (helmet unavailable)
rElec    .         Reflect  .   (cloak unavailable)
rCorr    .         Harm     .   (gloves unavailable)
MR       ++...                  (boots unavailable)
Stlth    ++++++....             (no amulet)
Regen    0.2/turn               C - ring of protection from magic
MPRegen  0.2/turn               G - +5 ring of dexterity

@: blade paws (expiring), drained, very slow
A: no armour, no weapons or thrown items, stealth, claws 1, fangs 3, see
invisible, blink, carnivore 3, fire resistance 1, speed 1, low mp 1, poison
resistance, robust 1, shaggy fur 3, slow metabolism 1, wild magic 1, (sharp
paws)
a: End Transformation, Blink, Bend Time, Temporal Distortion, Slouch, Renounce
Religion


You were on level 2 of the Orcish Mines.
You worshipped Cheibriados.
Cheibriados was greatly pleased with you.
You were very full.
You had blades for front paws.
You visited 3 branches of the dungeon, and saw 18 of its levels.
You visited the Abyss 1 time.
You also visited: Ice Cave.

You collected 1069 gold pieces.
You spent 70 gold pieces at shops.

Inventory:

Jewellery
 c - an uncursed ring of protection from cold
 h - a +3 ring of protection
 m - an uncursed ring of magical power
 q - an uncursed ring of resist corrosion
 r - an uncursed ring of stealth
 t - a -3 ring of strength
 C - a ring of protection from magic (right scythe-like blade)
 G - a +5 ring of dexterity (left scythe-like blade)
Wands
 f - a wand of paralysis (0/24)
 u - a wand of confusion (1/48)
 x - a wand of lightning (5/15)
 B - a wand of lightning (6/15)
 D - a wand of iceblast (6/15)
 I - a wand of confusion (21/48)
 K - a wand of digging (9/24)
Scrolls
 j - 2 scrolls of noise
 k - 5 scrolls of remove curse
 s - a scroll of recharging
 v - a scroll of fog
 w - 2 scrolls of fear
 y - 2 scrolls of teleportation
 L - 2 scrolls of silence
Potions
 d - a potion of invisibility
 l - 2 potions of flight
 n - a potion of might
 o - a potion of haste
 p - 2 potions of curing
 A - a potion of resistance
 H - a potion of ambrosia
Books
 b - a book of Cantrips

   Spells                             Type                      Level
   a - Confusing Touch                Hexes                        1
   b - Animate Skeleton               Necromancy                   1
   c - Summon Small Mammal            Summoning                    1
   d - Apportation                    Translocation                1
 e - a book of Changes

   Spells                             Type                      Level
   a - Beastly Appendage              Transmutation                1
   b - Sticks to Snakes               Transmutation                2
   c - Spider Form                    Transmutation/Poison         3
   d - Ice Form                       Ice/Transmutation            4
   e - Blade Hands                    Transmutation                5
Miscellaneous
 E - a fan of gales
 F - a lightning rod (1/4)
 J - a lightning rod (1/4)
Comestibles
 a - 8 meat rations
 i - 4 royal jellies


   Skills:
 + Level 7.0(6.7) Fighting
 + Level 10.0(9.7) Dodging
 + Level 14.4(14.1) Stealth
 * Level 10.9(10.5) Unarmed Combat
 - Level 5.1(4.9) Spellcasting
 - Level 3.9(3.6) Charms
 - Level 3.3(3.0) Necromancy
 - Level 9.5(9.2) Transmutations
 * Level 8.1(7.7) Invocations


You had 8 spell levels left.
You knew the following spells:

 Your Spells              Type           Power        Failure   Level  Hunger
a - Ice Form              Ice/Tmut       #####...     63%         4    ###....
b - Apportation           Tloc           #.....       54%         1    None
c - Regeneration          Chrm/Necr      ####......   45%         3    #......
d - Blade Hands           Tmut           ######....   45%         5    #####..


Dungeon Overview and Level Annotations

Branches:
Dungeon (15/15)            Temple (1/1) D:5             Orc (2/2) D:11
    Elf (0/3) Orc:2
   Lair: D:8-11      Vaults: D:13-14     Depths: D:15

Altars:
Ashenzari
Cheibriados
Dithmenos
Elyvilon
Fedhas
Gozag
Hepliaklqana
Kikubaaqudgha
Nemelex Xobeh
Okawaru
Qazlal
Ru
Sif Muna
Trog
Uskayaw
Vehumet
Wu Jian
Xom
The Shining One
Beogh

Shops:
Orc:2 [*:

Portals:
Trove: D:13 (give 5 potions of resistance)

Annotations:
D:8 skk's ghost, novice VSMo
D:14 Kirke
D:15 Graouh's ghost, journeyman MiFi


Innate Abilities, Weirdness & Mutations

You cannot wear armour.
You are incapable of wielding weapons or throwing items.
Your paws allow you to move quietly. (Stealth)
You have sharp claws.
You have razor-sharp teeth.
You have supernaturally acute eyesight. (SInv)
You are carnivorous and can eat meat at any time.
You cover ground quickly.
Your thick and shaggy fur keeps you warm. (AC +3, rC+)
You have a slow metabolism.
((Your sharp claws are effective at attacking unaware monsters.))
You can translocate small distances at will.
Your flesh is heat resistant. (rF+)
Your magical capacity is low. (-10% MP)
Your system is resistant to poisons. (rPois)
You are robust. (+10% HP)
Your spells are a little harder to cast, but a little more powerful.


Message History

Your skin stops crawling.
The orc knight hits you with an enchanted halberd!!
* * * LOW HITPOINT WARNING * * *
Unknown command.
Unknown command.
You slash the orc knight!
The orc knight is heavily wounded.
Unknown command.
Unknown command.
You slice the orc knight!! Your slash misses the orc knight.
Your bite misses the orc knight.
The orc knight is severely wounded.
The orc knight completely misses you.
Unknown command.
Unknown command.
You barely miss the orc knight.
The orc knight is severely wounded.
The orc knight hits you with an enchanted halberd!!
You die...
Xom chuckles heartily!

......................)....##
......................[#...#
...................#..###.##
..................##...# ##
................))##..##
......................#
.....................##
.P............._.....#
P....#....#.....@)...# ....##
#....o..#.## ...###.
##....##### ....##.. ###...#
........###.#..##
............)..#
............#.##
............### ####
#....#.......## #...##


You could see an orc knight.

Vanquished Creatures
  An orc warlord (Orc:2)
  Harold (D:10)
  Erica (D:8)
  2 two-headed ogres
  A centaur warrior (D:13)
  A tengu warrior (D:13)
  2 orc high priests (Orc:2)
  An unseen horror (D:10)
  A skeletal warrior (D:15)
  6 orc knights
  4 orc sorcerers (Orc:2)
  A worldbinder (Abyss:2)
  3 cyclopes
  2 manticores
  2 gargoyles
  2 rime drakes (D:15)
  A yaktaur (D:14)
  A freezing wraith (IceCv)
  A troll (D:10)
  A tengu conjurer (D:14)
  A wolf spider simulacrum (IceCv)
  3 hippogriffs
  2 blink frogs (Abyss:1)
  A slime creature (D:11)
  A shadow (D:12)
  A wraith (D:10)
  A vampire (D:14)
  A ynoxinul (Abyss:1)
  6 humans (D:10)
  3 yaks
  A golden eye (shapeshifter) (D:7)
  A warg (Orc:1)
  A death yak simulacrum (IceCv)
  A large abomination (Abyss:1)
  A soldier ant (D:13)
  Duvessa (D:6)
  3 sky beasts
  7 ice beasts
  33 orc warriors
  An eye of draining (D:12)
  4 necrophages
  A phantom (D:10)
  A black bear (D:12)
  9 centaurs
  8 ogres
  A big kobold (D:13)
  4 bullfrogs
  A wyvern zombie (D:13)
  Dowan (D:6)
  4 scorpions
  3 killer bees (D:12)
  12 wights
  7 howler monkeys
  A crimson imp (D:7)
  3 hounds
  5 bullfrog skeletons
  3 centaur skeletons
  3 centaur zombies
  3 jellies
  10 orc priests
  An iguana (D:11)
  16 orc wizards
  6 worker ants
  A killer bee zombie (D:8)
  2 wolf simulacra (IceCv)
  2 hound skeletons
  3 gnolls (D:11)
  6 adders
  6 shadow imps
  6 white imps
  A worm (D:4)
  3 leopard geckos
  74 orcs
  4 giant cockroaches
  2 goblins (D:2)
  3 hobgoblins
  7 jackals
  4 kobolds
  4 quokkas
  2 bats (D:3)
  6 frilled lizards
  A quokka skeleton (D:7)
  2 rats
351 creatures vanquished.

Vanquished Creatures (collateral kills)
  An orc warrior (D:9)
  2 orcs (D:9)
3 creatures vanquished.

Vanquished Creatures (others)
  An orc (D:6)
  18 fungi (Orc:2)
19 creatures vanquished.

Grand Total: 373 creatures vanquished

Notes
Turn   | Place    | Note
-------+----------+-------------------------------------------
     0 | D:1      | 4thArraOfDagon the Felid Chaos Knight began the quest for the Orb.
     0 | D:1      | Reached XP level 1. HP: 10/10 MP: 2/2
   130 | D:2      | Reached skill level 1 in Stealth
   138 | D:2      | XOM: smoke on damage
   140 | D:2      | Reached XP level 2. HP: 11/14 MP: 3/3
   226 | D:3      | Reached skill level 2 in Stealth
   299 | D:4      | Reached XP level 3. HP: 6/17 MP: 4/4
   389 | D:3      | Gained mutation: Potions are less effective at restoring your health. [potion of mutation]
   389 | D:3      | Gained mutation: You can translocate small distances at will. [potion of mutation]
   389 | D:3      | Gained mutation: You are robust. (+10% HP) [potion of mutation]
   389 | D:3      | Gained mutation: Your spells are a little harder to cast, but a little more powerful. [potion of mutation]
   405 | D:3      | XOM: harmless Pois miscast
   488 | D:4      | XOM: give mutations
   488 | D:4      | Gained mutation: Your flesh is heat resistant. (rF+) [Xom's mischief]
   488 | D:4      | Gained mutation: Your magical capacity is low. (-10% MP) [Xom's mischief]
   488 | D:4      | Lost mutation: Potions are less effective at restoring your health. [Xom's mischief]
   506 | D:5      | Entered Level 5 of the Dungeon
   530 | D:4      | Noticed a scorpion
   538 | D:4      | XOM: butterfly on damage
   544 | D:4      | Killed a scorpion
   544 | D:4      | Reached skill level 3 in Stealth
   544 | D:4      | Reached XP level 4. HP: 7/23 MP: 4/4
   730 | D:4      | 4thArraOfDagon: folks
   730 | D:4      | 4thArraOfDagon: !
   730 | D:4      | 4thArraOfDagon: hi
   785 | D:5      | Vikmgn: hello
   787 | D:5      | XOM: mild Chrm miscast
   796 | D:4      | murphy: hi :)
   834 | D:4      | Found a blossoming altar of Fedhas.
   834 | D:4      | Found an ancient bone altar of Kikubaaqudgha.
   925 | D:5      | Reached XP level 5. HP: 26/26 MP: 5/5
   935 | D:5      | XOM: divination: detect items
   965 | D:5      | Reached skill level 4 in Stealth
   999 | D:5      | Noticed an ogre
  1115 | D:6      | Gained mutation: You are covered in thick fur. (AC +2) [Felid growth]
  1115 | D:6      | Reached XP level 6. HP: 22/30 MP: 6/6
  1130 | D:6      | Reached skill level 5 in Dodging
  1130 | D:6      | Reached skill level 5 in Stealth
  1169 | D:6      | Found a sparkling altar of Nemelex Xobeh.
  1197 | D:6      | Learned a level 4 spell: Ice Form
  1199 | D:6      | Learned a level 1 spell: Apportation
  1267 | D:6      | Reached skill level 5 in Unarmed Combat
  1267 | D:6      | Reached XP level 7. HP: 35/35 MP: 7/7
  1355 | D:7      | XOM: silly message
  1363 | D:7      | Reached skill level 6 in Stealth
  1391 | D:7      | Reached skill level 1 in Transmutations
  1459 | D:6      | Found an opulent altar of Gozag.
  1462 | D:6      | Found a deep blue altar of Sif Muna.
  1465 | D:6      | Found a shattered altar of Ashenzari.
  1525 | D:6      | Noticed Dowan
  1532 | D:6      | Noticed Duvessa
  1544 | D:6      | XOM: potion effect (might)
  1566 | D:6      | Killed Dowan
  1572 | D:6      | XOM: butterfly on damage
  1574 | D:6      | Killed Duvessa
  1574 | D:6      | Reached skill level 1 in Spellcasting
  1611 | D:5      | XOM: silly message
  1613 | D:5      | Reached skill level 7 in Stealth
  1645 | D:5      | XOM: potion effect (brilliance)
  1657 | D:5      | XOM: mild Tmut miscast
  1662 | D:5      | Reached XP level 8. HP: 9/39 MP: 2/10
  1755 | D:4      | XOM: harmless Conj miscast
  2043 | D:5      | Found a staircase to the Ecumenical Temple.
  2438 | D:8      | Noticed Erica
  2446 | D:8      | Killed Erica
  2446 | D:8      | Reached skill level 8 in Stealth
  2461 | D:8      | Learned a level 3 spell: Regeneration
  2468 | D:8      | Found a hide-covered altar of Uskayaw.
  2499 | D:8      | Reached skill level 9 in Stealth
  2581 | D:7      | Reached XP level 9. HP: 37/42 MP: 12/12
  2585 | D:7      | XOM: harmless Tloc miscast
  2589 | D:7      | XOM: enchant monster (good)
  2598 | D:7      | Reached skill level 5 in Transmutations
  2633 | D:7      | XOM: harmless Divn miscast
  2634 | D:7      | XOM: polymorph ogre -> golden eye
  2639 | D:7      | XOM: enchant monster (good)
  2648 | D:7      | Gained mutation: Your system is resistant to poisons. (rPois) [mutagenic meat]
  2649 | D:7      | Gained mutation: Your thick and shaggy fur keeps you warm. (AC +3, rC+) [mutagenic meat]
  2907 | D:9      | Learned a level 5 spell: Blade Hands
  3029 | D:10     | Entered Level 10 of the Dungeon
  3044 | D:10     | XOM: medium Tloc miscast
  3044 | D:10     | Cast into level 1 of the Abyss (the capriciousness of Xom)
  3045 | Abyss:1  | :S
  3099 | Abyss:1  | XOM: enchant monster (good)
  3108 | Abyss:1  | Reached skill level 10 in Stealth
  3121 | Abyss:1  | XOM: silly message
  3161 | Abyss:1  | HP: 1/63 [blink frog (5)]
  3164 | Abyss:1  | XOM: divination: detect creatures
  3167 | Abyss:1  | Reached skill level 11 in Stealth
  3174 | Abyss:1  | Slain by a blink frog
  3175 | Abyss:1  | Reached XP level 8. HP: -2/39 MP: 12/12
  3175 | Abyss:1  | Noticed a sun demon
  3190 | Abyss:1  | Noticed a reaper
  3194 | Abyss:1  | XOM: confuse monster(s)
  3197 | Abyss:1  | Noticed a wretched star
  3305 | Abyss:2  | Found a corrupted altar of Lugonu.
  3381 | Abyss:2  | Noticed a worldbinder
  3387 | Abyss:2  | Noticed a yaktaur
  3387 | Abyss:2  | Noticed a vault sentinel
  3387 | Abyss:2  | XOM: polymorph shadow imp -> ufetubus
  3391 | Abyss:2  | XOM: destruction
  3396 | Abyss:2  | XOM: cast spell 'Summon Ice Beast'
  3399 | Abyss:2  | Noticed a vault sentinel
  3399 | Abyss:2  | Noticed a yaktaur
  3400 | Abyss:2  | XOM: enchant monster (good)
  3401 | Abyss:2  | Noticed a yaktaur
  3401 | Abyss:2  | Noticed a yaktaur
  3403 | Abyss:2  | murphy: :P
  3407 | Abyss:2  | Noticed a yaktaur
  3407 | Abyss:2  | XOM: divination: detect creatures
  3416 | Abyss:2  | Killed a worldbinder
  3416 | Abyss:2  | Reached skill level 12 in Stealth
  3468 | Abyss:2  | Sapher: missed an exit
  3476 | Abyss:2  | murphy: no it was blocked
  3476 | Abyss:2  | 4thArraOfDagon: :S
  3478 | Abyss:2  | herpmino: he spawned one
  3478 | Abyss:2  | herpmino: from the kill
  3478 | Abyss:2  | 4thArraOfDagon: sapher hi
  3479 | Abyss:2  | Sapher: another one appeared
  3480 | Abyss:2  | Sapher: he killed a lot of enemies
  3480 | Abyss:2  | 4thArraOfDagon: are you sure?
  3480 | Abyss:2  | Sapher: yea
  3500 | Abyss:2  | XOM: mild Summ miscast
  3506 | D:10     | Escaped the Abyss
  3506 | D:10     | Vikmgn: wtf
  3507 | D:10     | murphy: oh
  3594 | D:10     | Reached XP level 9. HP: 23/42 MP: 13/13
  3618 | D:10     | Reached skill level 1 in Charms
  3618 | D:10     | Reached skill level 1 in Necromancy
  3649 | D:10     | 4thArraOfDagon: tanks
  3736 | D:10     | Noticed Harold
  3741 | D:10     | Killed Harold
  3758 | D:10     | XOM: 2-stop teleportation journey
  3816 | D:10     | Noticed a troll
  3822 | D:10     | XOM: swap monsters
  3829 | D:10     | Killed a troll
  3840 | D:10     | XOM: enchant monster (bad)
  3928 | D:11     | XOM: 6-stop teleportation journey
  3929 | D:11     | XOM: enchant monster (bad)
  3962 | D:11     | XOM: butterfly on damage
  3979 | D:11     | Reached XP level 10. HP: 28/46 MP: 11/15
  3998 | D:12     | XOM: noise
  4034 | D:10     | XOM: confusion (+ monsters)
  4162 | D:11     | XOM: swap monsters
  4170 | D:11     | Noticed a two-headed ogre
  4287 | D:12     | Noticed a cyclops
  4289 | D:12     | XOM: 1-stop teleportation journey
  4369 | D:10     | Noticed a gargoyle
  4381 | D:10     | Killed a gargoyle
  4419 | D:10     | Noticed an unseen horror
  4423 | D:10     | XOM: cleaving
  4461 | D:10     | Killed an unseen horror
  4502 | D:9      | XOM: summons 4 friendly demons
  4502 | D:9      | XOM: smoke on damage
  4549 | D:9      | XOM: god gift: 5 needles of confusion
  4567 | D:9      | Reached skill level 5 in Spellcasting
  4588 | D:9      | XOM: summons 4 friendly demons
  4722 | D:8      | Noticed skk's ghost (novice VSMo)
  4730 | D:8      | Found a shimmering altar of Xom.
  4732 | D:8      | Found a stormy altar of Qazlal.
  4732 | D:8      | Found a shadowy altar of Dithmenos.
  4734 | D:8      | Found a white marble altar of Elyvilon.
  4734 | D:8      | Found a snail-covered altar of Cheibriados.
  4734 | D:8      | Found a hide-covered altar of Uskayaw.
  4935 | Temple   | Entered the Ecumenical Temple
  4972 | Temple   | XOM: cloud trail
  4976 | Temple   | Fell from the grace of Xom
  4976 | Temple   | Became a worshipper of Cheibriados the Contemplative
  5132 | D:9      | XOM: confusion
  5289 | D:11     | Noticed a gargoyle
  5296 | D:11     | Killed a gargoyle
  5296 | D:11     | Reached skill level 1 in Invocations
  5309 | D:11     | Killed a two-headed ogre
  5309 | D:11     | Reached XP level 11. HP: 50/50 MP: 17/17
  5698 | D:13     | Found a glowing golden altar of the Shining One.
  5801 | D:13     | Found a portal to a secret trove of treasure.
  5907 | D:13     | Noticed a tengu warrior
  5918 | D:13     | Noticed a centaur warrior
  5932 | D:13     | Killed a centaur warrior
  5932 | D:13     | Reached * piety under Cheibriados
  5973 | D:13     | Killed a tengu warrior
  5973 | D:13     | Reached skill level 5 in Fighting
  6013 | D:13     | Noticed a two-headed ogre
  6143 | D:14     | Reached skill level 13 in Stealth
  6207 | D:15     | Entered Level 15 of the Dungeon
  6229 | D:15     | Found a frozen archway.
  6241 | IceCv    | Entered an ice cave
  6293 | IceCv    | Reached ** piety under Cheibriados
  6315 | IceCv    | XOM: 2-stop teleportation journey
  6521 | D:15     | Reached skill level 5 in Invocations
  6611 | D:15     | Noticed Graouh's ghost (journeyman MiFi)
  6633 | D:15     | Noticed a skeletal warrior
  6650 | D:15     | Killed a skeletal warrior
  6668 | D:15     | Noticed an unseen horror
  6668 | D:15     | Noticed a purple ugly thing
  6668 | D:15     | Noticed a purple ugly thing
  6668 | D:15     | Noticed a purple ugly thing
  6668 | D:15     | Noticed a purple ugly thing
  6668 | D:15     | Noticed a purple ugly thing
  6783 | D:15     | Noticed an unseen horror
  6796 | D:14     | Noticed a yaktaur captain
  6796 | D:14     | Noticed a green ugly thing
  6796 | D:14     | Noticed a green ugly thing
  6798 | D:14     | Killed from afar by an orc priest
  6799 | D:14     | Reached XP level 10. HP: 0/49 MP: 17/17
  6811 | D:14     | Noticed Kirke
  6817 | D:13     | Vikmgn: :(
  6950 | D:12     | Reached XP level 11. HP: 52/52 MP: 15/17
  6993 | D:11     | Found a roughly hewn altar of Beogh.
  6993 | D:11     | Found a staircase to the Orcish Mines.
  7089 | D:11     | Reached *** piety under Cheibriados
  7090 | D:11     | XOM: medium Necr miscast
  7131 | Orc:1    | Entered Level 1 of the Orcish Mines
  7131 | Orc:1    | Noticed a two-headed ogre
  7132 | Orc:1    | Killed a two-headed ogre
  7137 | Orc:1    | Noticed an orc knight
  7369 | D:12     | Demolished by a very large slime creature
  7370 | D:12     | Reached XP level 10. HP: -16/49 MP: 10/17
  7490 | D:11     | XOM: medium Pois miscast
  7515 | D:11     | Killed an orc knight
  7624 | Orc:2    | Entered Level 2 of the Orcish Mines
  7675 | Orc:2    | Found Waicaw's General Store.
  7690 | Orc:2    | Bought a scroll of identify for 28 gold pieces
  7690 | Orc:2    | Bought a scroll of teleportation for 42 gold pieces
  7697 | Orc:1    | Noticed an orc sorcerer
  7737 | Orc:2    | Noticed an orc sorcerer
  7737 | Orc:2    | Noticed an orc sorcerer
  7737 | Orc:2    | Found Neqo's Antique Armour Emporium.
  7773 | Orc:2    | XOM: harmless Air miscast
  7801 | Orc:2    | Reached **** piety under Cheibriados
  7813 | Orc:2    | Killed an orc sorcerer
  7814 | Orc:2    | Killed an orc sorcerer
  7814 | Orc:2    | Reached skill level 10 in Unarmed Combat
  7873 | Orc:2    | Noticed an orc knight
  7888 | Orc:2    | Killed an orc knight
  7888 | Orc:2    | Reached skill level 14 in Stealth
  7888 | Orc:2    | Reached XP level 11. HP: 31/53 MP: 11/17
  8006 | Orc:2    | Noticed an orc warlord
  8018 | Orc:2    | Killed an orc warlord
  8072 | Orc:2    | Noticed an orc sorcerer
  8073 | Orc:2    | Noticed an orc knight
  8088 | Orc:2    | Killed an orc knight
  8149 | Orc:2    | Reached ***** piety under Cheibriados
  8240 | Orc:2    | Noticed an orc high priest
  8248 | Orc:2    | Noticed a soul eater
  8252 | Orc:2    | Killed an orc high priest
  8267 | Orc:2    | Found Ceffev's Book Shop.
  8276 | Orc:2    | Noticed an orc high priest
  8308 | Orc:2    | Killed an orc high priest
  8385 | Orc:2    | Noticed an orc sorcerer
  8455 | Orc:2    | Killed an orc sorcerer
  8457 | Orc:2    | Noticed an orc knight
  8469 | Orc:2    | Killed an orc knight
  8544 | Orc:2    | Killed an orc sorcerer
  8652 | Orc:2    | Reached skill level 10 in Dodging
  8698 | Orc:2    | Noticed an orc knight
  8716 | Orc:2    | Killed an orc knight
  8849 | Orc:2    | Found a roughly hewn altar of Beogh.
  8871 | Orc:2    | Found a staircase to the Elven Halls.
  8899 | Orc:2    | Noticed an orc knight
  8899 | Orc:2    | XOM: harmless Chrm miscast
  8900 | Orc:2    | Noticed an orc knight
  8924 | Orc:2    | Killed an orc knight
  8924 | Orc:2    | Mutation became permanent: Your thick and shaggy fur keeps you warm. (AC +3, rC+) [Felid growth]
  8924 | Orc:2    | Reached XP level 12. HP: 59/59 MP: 9/18
  8929 | Orc:2    | Mangled by an orc knight

Vault maps used:
D:1:      doesnt_arrival_goblin_jail
D:2:      grunt_temple_overflow_order_and_chaos_2, first_bread
D:3:      portal_sewer_entry_f, minmay_unequal
D:4:      grunt_temple_overflow_growth_and_decay,
          hangedman_decor_clover_reticule
D:5:      minmay_temple_entry_junction
D:6:      grunt_temple_overflow_diamond, nemelex_diamond_rough_becter,
          uniq_duvessa
D:8:      nicolae_overflow_crystal_walls, david_lair_shrubbed,
          hangedman_pestilent_swarm, doesnt_xom_only_xom, uniq_erica
D:10:     minmay_ruffians, uniq_harold
D:11:     david_orc_5
D:12:     nicolae_dithmenos_through_a_glass_darkly
D:13:     basic_altar, nicolae_trove_entry_crossroad
D:14:     grunt_vaults_entry_fortified, nicolae_wwwww, minivault_27,
          minivault_4, uniq_kirke
D:15:     gammafunk_depths_entry_grave, portal_ice_cave_rime
Temple:   eino_temple_water
Orc:1:    led_sif_book
Orc:2:    grunt_orc_gardens, grunt_orc_garden, grunt_orc_garden,
          grunt_orc_garden, grunt_orc_garden, basic_altar, serial_shops, shop
IceCv:    ice_cave_small_necro

Skill      XL: |  1  2  3  4  5  6  7  8  9 10 11 |
---------------+----------------------------------+-----
Stealth        | 1 2 3 4 5 7 12 11 14 13 | 14.4
Dodging        | 4 5 6 7 10 | 10.0
Unarmed Combat | 4 5 6 7 10 9 | 10.9
Fighting       | 4 7 |  7.0
Transmutations | 2 4 7 9 |  9.5
Spellcasting   | 1 2 3 5 |  5.1
Charms         | 3 |  3.9
Necromancy     | 2 3 |  3.3
Invocations    | 1 8 |  8.1

Action                   |  1- 3 |  4- 6 |  7- 9 | 10-12 || total
-------------------------+-------+-------+-------+-------++-------
Melee: Unarmed           |    48 |    39 |   277 |   692 ||  1056
       Bite              |     1 |     2 |    26 |    91 ||   120
       Punch             |       |     3 |     7 |    39 ||    49
 Cast: Ice Form          |       |       |     1 |       ||     1
       Blade Hands       |       |       |     1 |    43 ||    44
       Regeneration      |       |       |     2 |    56 ||    58
Invok: Slouch            |       |       |       |     4 ||     4
       Bend Time         |       |       |       |     3 ||     3
       Temporal Distorti |       |       |       |     1 ||     1
 Abil: End Transformatio |       |       |       |    10 ||    10
       Blink             |       |       |       |     2 ||     2
Evoke: Wand              |     3 |     8 |    19 |    25 ||    55
       Lightning rod     |       |       |       |     7 ||     7
  Use: Scroll            |     4 |     7 |    14 |     5 ||    30
       Potion            |     1 |       |     6 |     9 ||    16
 Stab: Sleeping          |     3 |     5 |    28 |    27 ||    63
       Paralysed         |     5 |     7 |     5 |     1 ||    18
       Invisible         |       |       |     2 |     6 ||     8
       Distracted        |       |       |     1 |     2 ||     3
       Petrified         |       |       |     3 |       ||     3
       Confused          |       |       |     2 |     6 ||     8
  Eat: Chunk             |     3 |     5 |    12 |    37 ||    57
Armor: Skin              |     1 |       |    33 |    41 ||    75
Dodge: Dodged            |    32 |    31 |   174 |   594 ||   831
